 Dungeon Crawl Stone Soup version 0.25.1-2-g60ff931df9 (webtiles) character file.

Game seed: 3833788568711386545

81 Exodus22XD the Skirmisher (level 4, -1/37 HPs)
             Began as a Human Berserker on Oct 17, 2020.
             Was a Believer of Trog.
             Slain by an adder (3 damage)
             ... on level 3 of the Dungeon.
             The game lasted 00:01:53 (2164 turns).

Exodus22XD the Skirmisher (Human Berserker)         Turns: 2164, Time: 00:01:54

Health: -1/37      AC:  6    Str: 19    XL:     4   Next: 68%
Magic:  4/4        EV: 11    Int:  7    God:    Trog [**....]
Gold:   79         SH:  0    Dex: 12    Spells: 3/3 levels left

rFire    . . .     SeeInvis .   a - +0 falchion
rCold    . . .     Gourm    .   (no shield)
rNeg     . . .     Faith    .   d - +0 ring mail
rPois    .         Spirit   .   (no helmet)
rElec    .         Reflect  .   b - +0 cloak
rCorr    .         Harm     .   (no gloves)
MR       .....                  (no boots)
Stlth    +.........             (no amulet)
HPRegen  0.12/turn              (no ring)
MPRegen  0.09/turn              (no ring)

@: lethally poisoned (-1 -> -4), starving
A: no striking features
a: Berserk, Trog's Hand, Renounce Religion


You were on level 3 of the Dungeon.
You worshipped Trog.
Trog was pleased with you.
You were starving.

You visited 1 branch of the dungeon, and saw 3 of its levels.

You collected 79 gold pieces.

Inventory:

Hand Weapons
 a - a +0 falchion (weapon)
Armour
 b - a +0 cloak (worn)
 d - a +0 ring mail (worn)
Scrolls
 e - a scroll of fog {unknown}
 h - a scroll of identify {unknown}
 k - 3 scrolls of remove curse {unknown}
 l - a scroll of noise {unknown}
Potions
 f - a potion of mutation {unknown}
 g - 2 potions of degeneration {unknown}
 i - a potion of invisibility {unknown}
 j - a potion of ambrosia {unknown}
 m - a potion of curing {unknown}
Comestibles
 c - 7 rations


   Skills:
 + Level 3.9 Fighting
 + Level 3.8 Long Blades
 + Level 2.4 Armour
 + Level 2.4 Dodging


You had 3 spell levels left.
You didn't know any spells.
Your spell library was empty.

Dungeon Overview and Level Annotations

Branches:
Dungeon (3/15)

Altars:
Ashenzari
Gozag


Message History

You closely miss the adder.
The adder is heavily wounded.
You feel sick. The adder barely misses you.
You hit the adder.
The adder is heavily wounded.
The adder bites you but does no damage. The adder bites you.
* * * LOW HITPOINT WARNING * * *
You hit the adder.
The adder is almost dead.
You feel sick. The adder bites you but does no damage.
You barely miss the adder.
The adder is almost dead.
The adder bites you.
* * * LOW HITPOINT WARNING * * *
The adder bites you but does no damage.
You hit the adder but do no damage.
The adder is almost dead.
* * * LOW HITPOINT WARNING * * *
You feel sick. The adder bites you.
You die...

.#..... .
...............#
........#.#....#
.......$...#...#
#.....#........#
#..........#...#
...........#...#
###.....#..#...#+###+##
.......@S.............#
...<.#....##..........#
<......#..##..........#
.#.....#..##..#.......##
.......#..>.)..###(.....
##...#.#................
...?.#.#.......(()....!.
##...#.........(........
..........._##.........


You could see an adder.

Vanquished Creatures
  A hound (D:2)
  An ooze (D:1)
  A worm (D:2)
  2 dart slugs (D:1)
  A leopard gecko (D:1)
  8 bats
  A giant cockroach (D:1)
  6 goblins
  5 hobgoblins
  2 jackals (D:2)
  2 frilled lizards (D:1)
  5 kobolds
  2 rats
37 creatures vanquished.

Notes
Turn   | Place    | Note
-------+----------+-------------------------------------------
     0 | D:1      | Exodus22XD the Human Berserker began the quest for the Orb.
     0 | D:1      | Reached XP level 1. HP: 18/18 MP: 1/1
   158 | D:1      | Reached XP level 2. HP: 24/24 MP: 2/2
   414 | D:1      | Reached XP level 3. HP: 29/29 MP: 3/3
   919 | D:2      | Reached ** piety under Trog
   919 | D:2      | Reached XP level 4. HP: 18/37 MP: 4/4
  1392 | D:2      | Found a shattered altar of Ashenzari.
  2064 | D:3      | Found an opulent altar of Gozag.
  2164 | D:3      | Slain by an adder

Illustrated notes

Levels and vault maps discovered:
D:1:      wander_arrival_fairy_ring, layout_loops_ring
D:2:      layout_loops_ring, nicolae_ashenzari_panopticon
D:3:      layout_basic, overflow_temple_1_default,
          chequers_ecumenical_altar_simple_redux, serial_bayou_pond_c

Action                   |  1- 3 |  4- 6 || total
-------------------------+-------+-------++-------
Melee: Falchion          |    80 |    45 ||   125
Invok: Berserk           |     1 |     1 ||     2
  Eat: Chunk             |       |     4 ||     4
Armor: Ring mail         |    26 |    18 ||    44
       Animal skin       |     1 |       ||     1
Dodge: Dodged            |    62 |    40 ||   102
       Rpst.: Falchion   |    16 |    12 ||    28
